 Dungeon Crawl Stone Soup version 5.2-56-g927a965 (webtiles) character file.

6537 rlgrobin the Ruffian (level 12, -13/92 HPs)
             Began as a Gnoll Transmuter on Mar 2, 2018.
             Was the Champion of Okawaru.
             Mangled by a skeletal warrior
             ... wielding a +0 long sword
             ... led by a skeletal warrior
              (22 damage)
             ... on level 12 of the Dungeon.
             The game lasted 00:28:21 (10468 turns).

rlgrobin the Ruffian (Gnoll Transmuter)            Turns: 10468, Time: 00:28:22

Health: -13/92     AC: 10 (0%)Str: 14   XL:     12   Next: 56%
Magic:  16/16      EV: 21    Int: 20    God:    Okawaru [6*[173]]
Gold:   993        SH:  0    Dex: 13    Spells: 16/34 levels left

rFire    . . .     SeeInvis .     - Unarmed
rCold    . . .     Faith    .   (shield currently unavailable)
rNeg     + . .     Spirit   .   K - +2 robe {rN+}
rPois    .         Reflect  .   w - +2 helmet
rElec    .                      M - +0 cloak
rCorr    +                      (gloves currently unavailable)
MR       .....                  (no boots)
Stlth    +++++.....             J - amulet of magic regeneration
Regen    0.9/turn               G - ring of resist corrosion
MPRegen  0.6/turn               P - +5 ring of intelligence

@: blade hands, regenerating
A: no striking features
a: End Regeneration, End Transformation, Finesse, Renounce Religion


You were on level 12 of the Dungeon.
You worshipped Okawaru.
Okawaru was exalted by your worship.
You were not hungry.
You had blades for hands.
You visited 1 branch of the dungeon, and saw 12 of its levels.

You collected 993 gold pieces.


   Skills:
 + Level 8.0(13.0) Fighting
 - Level 6.5(11.5) Blades
 - Level 6.5(11.5) Axes
 - Level 6.5(11.5) Maces & Staves
 - Level 6.5(11.5) Polearms
 - Level 6.5(11.5) Bows
 - Level 6.5(11.5) Crossbows
 - Level 6.5(11.5) Throwing
 - Level 6.5(11.5) Armour
 + Level 9.5(14.5) Dodging
 - Level 6.5(11.5) Stealth
 - Level 6.5(11.5) Shields
 + Level 10.9(15.9) Unarmed Combat
 + Level 9.7 Spellcasting
 - Level 6.5 Hexes
 - Level 6.5 Charms
 - Level 6.5 Summonings
 - Level 6.5 Necromancy
 - Level 6.5 Translocations
 + Level 9.5 Transmutations
 - Level 6.5 Fire Magic
 - Level 6.5 Ice Magic
 - Level 6.5 Air Magic
 - Level 6.5 Earth Magic
 - Level 6.5 Invocations
 - Level 6.5 Evocations


You had 16 spell levels left.
You knew the following spells:

 Your Spells              Type           Power        Failure   Level  Hunger
c - Ice Form              Ice/Tmut       41 (100)     2%          4    N/A
g - Regeneration          Chrm/Necr      35 (200)     19%         3    N/A
v - Blade Hands           Tmut           47 (200)     3%          5    N/A
x - Spider Form           Tmut           47 (200)     1%          3    N/A
z - Beastly Appendage     Tmut           47 (50)      1%          1    N/A
Z - Sticks to Snakes      Tmut/Summ      41 (100)     11%         2    N/A

Inventory:

Hand Weapons
 s - the +5 long sword "Savimyor" {slice, rElec rC+ MR+ Str+2}

   It inflicts extra damage upon your enemies.
   It affects your strength (+2).
   It protects you from cold.
   It insulates you from electricity.
   It affects your resistance to hostile enchantments.
 Q - a +2 shortbow of freezing
 X - a +0 broad axe
Missiles
 a - 1199 arrows
 d - 205 poisoned darts
 q - 15 frenzy darts
 t - 118 tomahawks (quivered)
 x - 2748 stones
Armour
 w - a +2 helmet (worn)
 z - a +0 shield
 A - the +1 helmet of Mezcal {rPois rC- Int+5}

   It affects your intelligence (+5).
   It makes you vulnerable to cold.
   It protects you from poison.
 I - a +2 ring mail of cold resistance
 K - a +2 robe of positive energy (worn)
 M - a +0 cloak (worn)
 R - a +0 buckler (melded)
 U - +0 acid dragon scales
 W - a +0 pair of gloves (melded)
 Z - a +4 scale mail of magic resistance
Magical Staves
 F - an uncursed staff of wizardry {!a}
Jewellery
 G - a ring of resist corrosion (left scythe-like blade)
 J - an amulet of magic regeneration (around neck)
 P - a +5 ring of intelligence (right scythe-like blade)
Wands
 k - a wand of paralysis (8)
 u - a wand of digging (11)
 O - a wand of acid (2)
 T - a wand of iceblast (6)
Scrolls
 e - 5 scrolls of amnesia
 f - 4 scrolls of enchant armour
 g - 8 scrolls of fog
 l - 7 scrolls of teleportation {@r4}
 n - 2 scrolls of blinking
 o - 3 scrolls of enchant weapon
 y - 2 scrolls of noise {!r}
 C - 4 scrolls of fear
 E - a scroll of immolation {!r}
 L - 2 scrolls of magic mapping
 N - a scroll of vulnerability {!r}
Potions
 b - 2 potions of resistance
 c - 4 potions of magic
 h - 4 potions of haste {@q3}
 i - 3 potions of lignification
 j - 2 potions of cancellation
 m - 5 potions of mutation
 p - a potion of augmentation
 r - 2 potions of invisibility
 v - 6 potions of curing {@q1}
 B - 2 potions of heal wounds {@q2}
 D - a potion of flight
 H - a potion of ambrosia
Books
 S - a manual of Throwing
Miscellaneous
 V - a fan of gales

Dungeon Overview and Level Annotations

Branches:
Dungeon (12/15)

Altars:
Cheibriados
Dithmenos
Elyvilon
Gozag
Hepliaklqana
Jiyva
Kikubaaqudgha
Makhleb
Nemelex Xobeh
Okawaru
Qazlal
Ru
Sif Muna
Trog
Uskayaw
Vehumet
Wu Jian
Xom
Yredelemnul
Zin
The Shining One

.............................
.............................
...........).................
▒▒▒▒+▒▒▒▒▒▒▒................▒
.......▒................▒
.......▒.............▒▒▒▒
.......▒.............▒
......z▒.............▒
.......▒g............▒
......zz).........▒▒▒▒
▒▒▒▒▒▒z▒..........▒...
............[..▒..▒
................▒..▒
...............>..▒..▒
......▒+▒▒▒▒''▒..[▒..▒
......▒.......▒...+..▒▒▒▒
......▒.......▒..▒▒......


You could see 2 skeletal warriors and a wight.


Message History

The skeletal warrior misses you.
You slash the skeletal warrior (13)!
The skeletal warrior is almost destroyed.
The skeletal warrior hits you with a +0 long sword (6).
You hit the skeletal warrior (5).
The skeletal warrior is almost destroyed.
The skeletal warrior barely misses you.
The skeletal warrior hits you from afar with a +3 glaive of protection (10)!
The skeletal warrior barely misses you.
You slash the skeletal warrior (17)!
You destroy the skeletal warrior!
Okawaru is honoured by your kill.
You slice the skeletal warrior (35)!!
The skeletal warrior is heavily damaged.
The skeletal warrior hits you from afar with a +3 glaive of protection (10)!
The skeletal warrior closely misses you.
You barely miss the skeletal warrior.
The skeletal warrior is heavily damaged.
You hit the skeletal warrior but do no damage.
The skeletal warrior is heavily damaged.
The skeletal warrior hits you from afar with a +3 glaive of protection (10)!
* * * LOW HITPOINT WARNING * * *
The skeletal warrior hits you with a +0 long sword (1).
* * * LOW HITPOINT WARNING * * *
You barely miss the skeletal warrior.
The skeletal warrior is heavily damaged.
The skeletal warrior hits you from afar with a +3 glaive of protection (28)!!
* * * LOW HITPOINT WARNING * * *
The skeletal warrior hits you with a +0 long sword (22)!!
You die...

Action                   |  1- 3 |  4- 6 |  7- 9 | 10-12 || total
-------------------------+-------+-------+-------+-------++-------
Melee: Unarmed           |   110 |   134 |   151 |   276 ||   671
       Kick              |     6 |       |       |       ||     6
       Punch             |       |       |     3 |    10 ||    13
Throw: Poisoned dart     |       |       |     4 |     4 ||     8
       Stone             |       |       |     2 |     1 ||     3
       Tomahawk          |       |       |       |    23 ||    23
 Cast: Beastly Appendage |     2 |     3 |     2 |       ||     7
       Spider Form       |     1 |     7 |     1 |       ||     9
       Sticks to Snakes  |       |       |    16 |    14 ||    30
       Blade Hands       |       |       |     5 |     9 ||    14
       Ice Form          |       |       |     2 |     3 ||     5
       Regeneration      |       |       |       |     1 ||     1
 Abil: End Transformatio |     2 |     7 |     8 |    11 ||    28
Evoke: Wand              |       |       |     5 |     3 ||     8
  Use: Scroll            |       |     1 |       |     1 ||     2
       Potion            |       |       |       |     1 ||     1
 Stab: Sleeping          |     4 |     8 |    11 |    16 ||    39
       Paralysed         |       |       |     4 |       ||     4
       Distracted        |       |       |       |     1 ||     1
Armor: Robe              |    12 |     2 |    23 |     7 ||    44
       Skin              |     2 |     7 |     2 |     6 ||    17
       Troll leather arm |       |       |       |    23 ||    23
       Acid dragon scale |       |       |       |     3 ||     3
Dodge: Dodged            |    80 |    94 |   111 |   172 ||   457
Block: Buckler           |       |       |       |     5 ||     5

Vault maps used:
D:1:      minmay_arrival_wavy_path, hangedman_abyss_or_decor_stabs,
          kennysheep_nondescript
D:2:      hellmonk_temple_overflow_hourglass,
          gammafunk_temple_overflow_forgotten
D:3:      nicolae_overflow_crystal_walls
D:4:      lemuel_doored_altar, lemuel_round_altar, grunt_temple_overflow_open,
          uniq_robin
D:5:      uniq_prince_ribbit1
D:6:      serial_co_window_serial, co_window_corner_a, co_window_cross_1,
          co_window_paths_a, co_window_corner_a, co_window_cross_1,
          co_window_paths_c, co_window_broadway_a, co_window_broadway_a,
          co_window_unsneaky_path_e, co_window_of_opportunity_b,
          co_window_4corner_b, glass_columns_a, glass_columns_b,
          glass_columns_c, glass_columns_a, glass_columns_c
D:7:      serial_bayou_pond_d, uniq_crazy_yiuf_cottage, uniq_duvessa
D:8:      uniq_psyche
D:9:      basic_altar, minmay_hollow_rounded_squares
D:10:     kennysheep_generic_room_7
D:11:     uniq_josephine, uniq_snorg, uniq_urug

Notes
Turn   | Place    | Note
-------+----------+-------------------------------------------
     0 | D:1      | rlgrobin the Gnoll Transmuter began the quest for the Orb.
     0 | D:1      | Reached XP level 1. HP: 17/17 MP: 5/5
   315 | D:1      | Reached XP level 2. HP: 13/23 MP: 6/6
   821 | D:1      | Reached XP level 3. HP: 26/29 MP: 8/8
  1358 | D:2      | Learned a level 3 spell: Spider Form
  1398 | D:2      | Found a stormy altar of Qazlal.
  1402 | D:2      | Found a shadowy altar of Dithmenos.
  1420 | D:2      | Found an opulent altar of Gozag.
  1420 | D:2      | Found an ornate altar of the Wu Jian Council.
  1420 | D:2      | Found a sparkling altar of Nemelex Xobeh.
  1420 | D:2      | Found a glowing silver altar of Zin.
  1420 | D:2      | Found a basalt altar of Yredelemnul.
  1420 | D:2      | Found a glowing golden altar of the Shining One.
  1420 | D:2      | Found a snail-covered altar of Cheibriados.
  1420 | D:2      | Found an iron altar of Okawaru.
  1421 | D:2      | Found a white marble altar of Elyvilon.
  1421 | D:2      | Found a radiant altar of Vehumet.
  1422 | D:2      | Found a burning altar of Makhleb.
  1427 | D:2      | Found a shimmering altar of Xom.
  1436 | D:2      | Became a worshipper of Warmaster Okawaru
  1529 | D:2      | Found a bloodstained altar of Trog.
  1563 | D:2      | Reached XP level 4. HP: 22/37 MP: 8/8
  2202 | D:3      | Reached XP level 5. HP: 39/43 MP: 10/10
  2382 | D:3      | Found a hide-covered altar of Uskayaw.
  2568 | D:3      | Reached XP level 6. HP: 39/50 MP: 12/15
  3036 | D:4      | Found a hazy altar of Hepliaklqana.
  3070 | D:4      | Found an ancient bone altar of Kikubaaqudgha.
  3070 | D:4      | Found a viscous altar of Jiyva.
  3077 | D:4      | Found a sacrificial altar of Ru.
  3109 | D:4      | Learned a level 4 spell: Ice Form
  3112 | D:4      | Learned a level 2 spell: Sticks to Snakes
  3255 | D:4      | Found a deep blue altar of Sif Muna.
  3357 | D:4      | Reached * piety under Okawaru
  3772 | D:4      | Noticed Samantha
  3776 | D:4      | Killed Samantha
  3776 | D:4      | Reached XP level 7. HP: 55/56 MP: 14/14
  3815 | D:4      | Learned a level 5 spell: Blade Hands
  3856 | D:5      | Entered Level 5 of the Dungeon
  4255 | D:5      | Noticed Prince Ribbit
  4278 | D:5      | Killed Prince Ribbit
  4278 | D:5      | Reached ** piety under Okawaru
  4278 | D:5      | Reached XP level 8. HP: 38/64 MP: 5/18
  4795 | D:6      | Reached *** piety under Okawaru
  4957 | D:6      | Reached XP level 9. HP: 71/71 MP: 14/14
  5795 | D:7      | Noticed Duvessa
  5795 | D:7      | Noticed Dowan
  5824 | D:7      | Killed Duvessa
  5824 | D:7      | Reached **** piety under Okawaru
  5829 | D:7      | Killed Dowan
  5938 | D:7      | Found a runed door.
  5942 | D:7      | Noticed Crazy Yiuf
  5981 | D:7      | Killed Crazy Yiuf
  6224 | D:8      | Noticed Psyche
  6234 | D:8      | Killed Psyche
  6440 | D:8      | Reached XP level 10. HP: 72/77 MP: 16/16
  7555 | D:9      | Reached ***** piety under Okawaru
  7729 | D:9      | Found a large runed door.
  7730 | D:9      | Found a large runed door.
  7830 | D:9      | Found a bloodstained altar of Trog.
  7899 | D:9      | Found a large runed door.
  7899 | D:9      | Found a large runed door.
  8316 | D:9      | Learned a level 3 spell: Regeneration
  8328 | D:9      | Noticed a deep elf mage
  8338 | D:9      | Killed a deep elf mage
  8492 | D:10     | Entered Level 10 of the Dungeon
  8694 | D:10     | Reached XP level 11. HP: 84/84 MP: 14/14
  8716 | D:10     | Noticed an orc high priest
  8728 | D:10     | Killed an orc high priest
  9238 | D:11     | Reached ****** piety under Okawaru
  9315 | D:11     | Received a gift from Okawaru
  9328 | D:11     | Noticed Snorg
  9368 | D:11     | Noticed Josephine
  9370 | D:11     | Killed Josephine
  9422 | D:11     | Noticed a cyan ugly thing
  9435 | D:11     | Killed a cyan ugly thing
  9513 | D:11     | Noticed Urug
  9521 | D:11     | Killed Urug
  9549 | D:11     | Received a gift from Okawaru
  9767 | D:11     | Killed Snorg
  9767 | D:11     | Reached XP level 12. HP: 49/92 MP: 15/15
 10069 | D:12     | Got the +5 long sword "Savimyor" {slice, rElec rC+ MR+ Str+2}
 10171 | D:12     | Noticed a two-headed ogre
 10180 | D:12     | Killed a two-headed ogre
 10189 | D:12     | Got the +1 helmet of Mezcal {rPois rC- Int+5}
 10451 | D:12     | Noticed a two-headed ogre
 10455 | D:12     | Killed a two-headed ogre
 10468 | D:12     | HP: 9/92 [skeletal warrior/+3 glaive of protection (28)]
 10468 | D:12     | Mangled by a skeletal warrior

Vanquished Creatures
  Snorg (D:11)
  Josephine (D:11)
  2 two-headed ogres (D:12)
  Urug (D:11)
  3 skeletal warriors (D:12)
  2 deep elf magi
  2 ugly things
  Psyche (D:8)
  A spiny frog (D:12)
  A rime drake (D:11)
  5 trolls
  4 blink frogs (D:11)
  A black mamba zombie (D:8)
  A shadow (D:12)
  2 wyverns
  4 wraiths
  3 angry ghosts
  A steam dragon (D:10)
  3 acid dragons
  A warg (D:10)
  Duvessa (D:7)
  8 orc warriors
  8 ice beasts
  A black bear (D:10)
  A wasp (D:8)
  5 ogres
  8 centaurs
  A rime drake skeleton (D:10)
  Dowan (D:7)
  A water moccasin zombie (D:6)
  3 wyvern skeletons
  A scorpion (D:5)
  A crimson imp (D:8)
  16 killer bees
  5 howler monkeys
  5 wights
  2 quasits
  3 centaur zombies
  5 hounds
  3 jellies
  2 centaur skeletons
  A bullfrog skeleton (D:6)
  10 orc priests
  7 orc wizards
  5 worker ants
  3 iguanas
  A hound zombie (D:5)
  A hound skeleton (D:7)
  Samantha (D:4)
  4 gnolls (D:2)
  4 adders (D:3)
  A shadow imp (D:9)
  3 oozes
  2 adder skeletons (D:4)
  33 orcs
  9 quokkas
  3 giant cockroaches
  11 goblins
  7 hobgoblins
  2 jackals (D:2)
  13 kobolds
  A ball python (D:1)
  8 bats
  6 frilled lizards
  4 rats
  A fungus (D:7)
262 creatures vanquished.

Vanquished Creatures (collateral kills)
  An orc high priest (D:10)
  Prince Ribbit (D:5)
  A crimson imp (D:5)
  A quasit (D:5)
  Crazy Yiuf (D:7)
  A worker ant (D:5)
  2 orcs (D:10)
8 creatures vanquished.

Grand Total: 270 creatures vanquished
